 Dungeon Crawl Stone Soup version 0.31-a0-325-g067879e3d3 (webtiles) character file.

Game seed: 8847329992832214546

108 Dittersdorf the Trooper (level 4, -4/3 HPs)
             Began as a Gargoyle Fighter on July 18, 2023.
             Slain by Pargi (7 damage)
             ... in a sewer.
             The game lasted 00:03:11 (2238 turns).

Dittersdorf the Trooper (Gargoyle Fighter)          Turns: 2238, Time: 00:03:11

Health: -4/3       AC:  8    Str: 36    XL:     4   Next: 87%
Magic:  4/4        EV:  9    Int:  8    God:
Gold:   217        SH:  0    Dex:  6    Spells: 3/3 levels left

rFire   . . .        a - melded +1 flail
rCold   . . .        c - melded +0 buckler
rNeg    + + .        k - melded +1 chain mail
rPois   ∞            (helmet currently unavailable)
rElec   .            (cloak currently unavailable)
rCorr   .            (gloves currently unavailable)
SInv    .            l - melded +0 pair of boots
Will    .....        (no amulet)
Stlth   ++           m - +6 ring of strength
HPRegen 0.20/turn    o - ring of Departure {rPois rN+ Str+3 Dex-3 Stlth+}
MPRegen 0.09/turn

%: no passive effects
@: snake-form
A: constrict, reduced hp, sickness immunity, AC +3, large, negative energy
resistance 1, (electricity resistance), torment resistance 1, petrification
resistance
a: Begin Untransformation


You were in a sewer.
You were an enormous anaconda.
You visited 1 branch of the dungeon, and saw 3 of its levels.
You also visited: Sewer.

You collected 217 gold pieces.

Inventory:

Hand Weapons
 a - a +1 flail (melded)
Missiles
 e - 5 poisoned darts
Armour
 c - a +0 buckler (melded)
 k - a +1 chain mail (melded)
 l - a +0 pair of boots (melded)
Jewellery
 m - a +6 ring of strength (left hand)
 o - the ring of Departure (right hand) {rPois rN+ Str+3 Dex-3 Stlth+}
   (You found it in a sewer)

   [ring of positive energy]

   Str:       It affects your strength (+3).
   Dex:       It affects your dexterity (-3).
   rPois:     It protects you from poison.
   rN:        It protects you from negative energy.
   Stlth:     It makes you more stealthy.
Talismans
 j - a serpent talisman
Potions
 b - 2 potions of attraction {unknown}
 d - a potion of might
 f - 2 potions of invisibility {unknown}
 g - a potion of magic
 h - 2 potions of ambrosia
 i - a potion of brilliance
 n - 2 potions of curing


   Skills:
 + Level 4.2 Fighting
 + Level 2.9 Maces & Flails
 + Level 4.0 Armour
 + Level 4.0 Shields


You had 3 spell levels left.
You didn't know any spells.
Your spell library contained the following spells:

 Spells                   Type           Power      Damage    Failure   Level
 Wereblood                Tmut           0%         N/A       54%         2
 Irradiate                Conj/Tmut      0%         3d11      100%        5


Dungeon Overview and Level Annotations

Branches:
Dungeon (3/15)              Sewer (1/1)

Altars:

Annotations:
Sewer Pargi


Innate Abilities, Weirdness & Mutations

You are an enormous anaconda.
You have a powerful constriction melee attack.
Your maximum health is decreased, since you lack skill for your form.
Your armour is entirely melded.
You are incapable of wielding weapons or throwing items.
You are immune to sickness and miasma.
((Your stone body is resilient. (AC +3)))
You are immune to poison.
You resist negative energy. (rN+)
((You are resistant to electric shocks. (rElec)))
You are resistant to unholy torment.
You are immune to petrification.


Message History

No target in view!
No target in view!
No target in view!
You open the door. You open the door.
Pargi the Meek comes into view.
Pargi shouts!
Found a sedimented amethyst potion.
You closely miss Pargi. Pargi closely misses you.
Pargi claws you but does no damage. Pargi claws you. Pargi barely misses you.
Pargi claws you but does no damage. x2
Pargi is nearby!
Still begin transforming?
You block Pargi's attack.
Keep transforming yourself?
Pargi barely misses you. You block Pargi's attack.
You begin transforming.
You continue transforming.
Pargi bites you. Pargi claws you but does no damage. x2
You continue transforming.
You block Pargi's attack. x2; Pargi claws you but does no damage.
You continue transforming.
You block Pargi's attack. x2; Pargi barely misses you.
You turn into an enormous anaconda.
Your +1 flail melds into your body.
Your +0 pair of boots melds into your body.
Your +0 buckler melds into your body.
Your +1 chain mail melds into your body.
You barely miss Pargi. Your grab misses Pargi.
Pargi bites you but does no damage. Pargi claws you but does no damage.
Pargi barely misses you.
You completely miss Pargi. Your grab misses Pargi. Pargi bites you.
Pargi closely misses you. Pargi claws you but does no damage.
You lash Pargi! You grab Pargi.
Pargi is moderately wounded.
You constrict Pargi. Pargi completely misses you.
Pargi claws you but does no damage. Pargi closely misses you.
You lash Pargi!
Pargi is severely wounded.
You constrict Pargi. Pargi bites you!
Ouch! That really hurt!
You die...

#####################
#.##.##[##.##.##.##.#
#.##.##.##.##.##.##.#
#'##'##'##'##'##'##'#
###...................##
~~~~~~#~~~~~~~~~.~~~~~~~~~#~
≈≈≈≈≈≈#≈≈≈≈≈≈≈≈≈∩≈≈≈≈≈≈≈≈≈#≈
~~~~~~#~~~~~~~~~.~~~~~~~~~#~
#######....S..............##
#+##T##'##.##'##'##'# #.
#.##.##.##.##)# #!
#.##∩##.##.##.# ##
###############


You could see Pargi.

Vanquished Creatures
  5 adders (D:2)
  A worm (D:2)
  A dart slug (D:1)
  4 orcs (D:2)
  2 ball pythons (D:1)
  7 endoplasms
  4 giant cockroaches
  2 goblins (D:1)
  8 hobgoblins
  2 jackals (D:2)
  A quokka (D:2)
  6 bats
  2 frilled lizards
  2 kobolds
  4 rats
51 creatures vanquished.

Notes
Turn   | Place    | Note
-------+----------+-------------------------------------------
     0 | D:1      | Dittersdorf the Gargoyle Fighter began the quest for the
                  | Orb.
     0 | D:1      | Reached XP level 1. HP: 14/14 MP: 1/1
    78 | D:1      | Reached XP level 2. HP: 17/19 MP: 2/2
   353 | D:1      | Reached XP level 3. HP: 24/24 MP: 3/3
  1054 | D:2      | Reached XP level 4. HP: 14/29 MP: 4/4
  1161 | D:2      | Found a faded altar of an unknown god.
  2102 | D:3      | Found a glowing drain.
  2113 | Sewer    | Entered a sewer
  2157 | Sewer    | Identified the ring of Departure {rPois rN+ Str+3 Dex-3
                  | Stlth+}
  2229 | Sewer    | Noticed Pargi
  2238 | Sewer    | Slain by Pargi

Illustrated notes

Levels and vault maps discovered:
D:1:      dpeg_arrival_connections, layout_basic
D:2:      layout_basic, hellmonk_ecumenical_altar_defaced_shrine,
          hangedman_glass_teeth
D:3:      layout_basic, grunt_temple_overflow_order_and_chaos_1,
          portal_sewer_entry_f, uniq_ijyb
Sewer:    kennysheep_door_sewer

Skill      XL: |  1  2  3  4 |
---------------+-------------+-----
Fighting       | 4 |  4.2
Armour         | 4 |  4.0
Shields        | 4 |  4.0
Maces & Flails | |  2.9

Action                     |  1- 3 |  4- 6 || total
---------------------------+-------+-------++-------
  Melee: Flail             |   131 |    59 ||   190
         Unarmed           |       |     4 ||     4
         Constrict         |       |     1 ||     1
    Use: Scroll            |       |     7 ||     7
 Armour: Scale mail        |    27 |       ||    27
         Chain mail        |    70 |    57 ||   127
         Skin              |       |     4 ||     4
  Dodge: Dodged            |    61 |    46 ||   107
  Block: Buckler           |    27 |    31 ||    58
   Form: Anaconda          |       |     1 ||     1

Table legend: (Time is in decaauts)
 A = Elapsed time spent in this place.
 B = Non-inter-level travel time spent in this place.
 C = Inter-level travel time spent in this place.
 D = Time resting spent in this place.
 E = Time spent auto-exploring this place.
 F = Levels seen in this place.
 G = Mean time per level.
                   A        B        C        D        E       F      G
               +--------+--------+--------+--------+--------+-----+--------+
         Total |   2296 |   2253 |     43 |     60 |   1635 |   4 |  574.0 |
       Dungeon |   2171 |   2128 |     43 |     60 |   1527 |   3 |  723.7 |
         Sewer |    124 |    124 |      0 |      0 |    108 |   1 |  124.0 |
               +--------+--------+--------+--------+--------+-----+--------+

Top non-repeatable levels by time:
     D:2: 1259 daAuts
     D:1: 760 daAuts
     D:3: 151 daAuts
   Sewer: 124 daAuts
